 Dungeon Crawl Stone Soup version bcrawl-1.19.1 (webtiles) character file.

Game seed: 12679816953269842944

168102 JackS81 the Bludgeoner (level 17, -15/154 HPs)
             Began as a Minotaur Fighter on Nov 23, 2019.
             Was a High Priest of the Shining One.
             Demolished by a naga warrior
             ... wielding a +0 war axe
              (21 damage)
             ... on level 2 of the Snake Pit on Nov 24, 2019.
             The game lasted 02:58:22 (39055 turns).

JackS81 the Bludgeoner (Minotaur Fighter)          Turns: 39055, Time: 02:58:22

Health: -15/154    AC: 16    Str: 26    XL:     17   Next: 7%
Magic:  0/22       EV: 13    Int:  2    God:    the Shining One [*****.]
Gold:   1468       SH:  0    Dex: 18    Spells: 16/16 levels left

rFire    . . .     SeeInvis .   n - +2 dire flail (crush)
rCold    + + +     Gourm    .   (shield currently unavailable)
rNeg     + + .     Faith    .   J - +2 chain mail {MR+}
rPois    +         Spirit   +   (helmet restricted)
rElec    +         Reflect  .   (no cloak)
rCorr    .         Harm     .   (no gloves)
MR       ++++.                  A - +0 pair of boots "Aneonwu" {rElec MR+ Dex+3} (curse)
Stlth    +.........             o - amulet of guardian spirit
HPRegen  0.35/turn              N - ring "Keam" {rPois rC+++ Str+4 Int-4 Stlth+}
MPRegen  0.18/turn              l - ring of protection from magic

@: about to teleport, glowing, constricted, studying Axes
A: retaliatory headbutt, fangs 1, horns 2, MP-powered wands
}: 1/15 runes: decaying
a: Divine Shield, Cleansing Flame, Summon Divine Warrior, Renounce Religion


You were on level 2 of the Snake Pit.
You worshipped the Shining One.
The Shining One was extremely pleased with you.
You were not hungry.

You visited 7 branches of the dungeon, and saw 26 of its levels.

You collected 2981 gold pieces.
You spent 1513 gold pieces at shops.

Inventory:

Hand Weapons
 j - the +3 longbow "Roopao" {velocity, +Fly rC++ SInv}
   (You found it on level 6 of the Dungeon)

   Any arrow fired from it inflicts extra damage.
   It greatly protects you from cold.
   It lets you see invisible.
   It lets you fly.
 n - a +2 dire flail of crushing (weapon)
 x - the +7 shortbow of the Extremely Mad {velocity, +Blink rC- MR+}
   (You found it on level 12 of the Dungeon)

   Any arrow fired from it inflicts extra damage.
   It makes you vulnerable to cold.
   It affects your resistance to hostile enchantments.
   It lets you blink.
 D - a +4 mace of venom
 X - a +3 whip
Missiles
 k - 116 javelins of penetration (quivered)
 p - 149 silver javelins
 v - 8658 arrows
 O - 4 throwing nets {!f}
 Z - 81 exploding tomahawks
Armour
 c - a +0 shield of protection
 g - a +1 chain mail of fire resistance
 s - +1 ice dragon scales
 A - the cursed +0 pair of boots "Aneonwu" (worn) {rElec MR+ Dex+3}
   (You bought it in a shop in the Orcish Mines)

   It affects your dexterity (+3).
   It insulates you from electricity.
   It affects your resistance to hostile enchantments.
   It has a curse placed upon it.
 J - a +2 chain mail of magic resistance (worn)
 P - +0 shadow dragon scales
Jewellery
 a - an uncursed ring of wizardry
 l - a ring of protection from magic (right hand)
 o - an amulet of guardian spirit (around neck)
 C - an uncursed amulet of magic regeneration
 G - an uncursed ring of positive energy
 N - the ring "Keam" (left hand) {rPois rC+++ Str+4 Int-4 Stlth+}
   (You bought it in a shop in the Orcish Mines)

   [ring of stealth]

   It affects your strength (+4).
   It affects your intelligence (-4).
   It renders you almost immune to cold.
   It protects you from poison.
   It makes you more stealthy.
Wands
 b - a wand of scattershot (9)
 d - a wand of iceblast (21)
 h - a wand of enslavement (16)
 i - a wand of disintegration (18)
 w - a wand of flame (57)
 K - a wand of polymorph (15)
 T - a wand of digging (9)
 U - a wand of paralysis (9)
Scrolls
 e - a scroll of immolation
 t - 4 scrolls of enchant armour
 u - 6 scrolls of enchant weapon
 z - 12 scrolls of teleportation
 H - 2 scrolls of fear
 I - 2 scrolls of identify
 R - 3 scrolls of magic mapping
 V - 2 scrolls of remove curse
 W - 2 scrolls of fog
Potions
 m - a potion of haste
 q - 6 potions of mutation
 r - 2 potions of might
 E - a potion of cancellation
 F - 5 potions of curing
 M - 7 potions of flight
 Q - a potion of agility
 S - a potion of brilliance
 Y - a potion of magic
Books
 L - a manual of Axes
Miscellaneous
 y - a lightning rod (4/4)
 B - a fan of gales (inert)
Comestibles
 f - 15 rations {!d}


   Skills:
 + Level 14.9 Fighting
 + Level 16.1 Maces & Flails
 * Level 14.2 Bows
 + Level 12.5 Armour
 * Level 10.5 Dodging
 - Level 15.0 Shields
 * Level 9.0 Invocations
 - Level 6.0 Evocations


You had 16 spell levels left.
You didn't know any spells.
Your spell library contained the following spells:

 Spells                   Type           Power        Failure   Level  Hunger
 Apportation              Tloc           #.....       95%         1    ##.....
 Beastly Appendage        Tmut           #.....       95%         1    ##.....
 Corona                   Hex            #......      95%         1    ##.....
 Infusion                 Chrm           #.......     95%         1    ##.....
 Magic Dart               Conj           #...         95%         1    ##.....
 Sandblast                Erth           #.....       95%         1    ##.....
 Slow                     Hex            #.......     95%         1    ##.....
 Summon Butterflies       Summ           #.......     95%         1    ##.....
 Summon Small Mammal      Summ           #...         95%         1    ##.....
 Call Imp                 Summ           #.....       99%         2    ###....
 Ensorcelled Hibernation  Hex/Ice        #.....       99%         2    ###....
 Searing Ray              Conj           #.....       99%         2    ###....
 Sticks to Snakes         Tmut           #.......     99%         2    ###....
 Sublimation of Blood     Necr           #.........   99%         2    ###....
 Call Canine Familiar     Summ           #.......     100%        3    ####...
 Confuse                  Hex            #.......     100%        3    ####...
 Dazzling Spray           Conj/Hex       #.....       100%        3    ####...
 Ignite Poison            Fire/Tmut/Pois #.......     100%        3    ####...
 Iskenderun's Mystic Bla  Conj           #.......     100%        3    ####...
 Leda's Liquefaction      Hex/Erth       #.........   100%        3    ####...
 Spider Form              Tmut/Pois      #..          100%        3    ####...
 Tukima's Dance           Hex            #.......     100%        3    ####...
 Fulminant Prism          Conj/Hex       #.........   100%        4    #####..
 Ice Form                 Ice/Tmut       #.......     100%        4    #####..
 Petrify                  Tmut/Erth      #.......     100%        4    #####..
 Sticky Flame             Conj/Fire      #.......     100%        4    #####..
 Summon Ice Beast         Ice/Summ       #.......     100%        4    #####..
 Blade Hands              Tmut           #.........   100%        5    ######.
 Bolt of Magma            Conj/Fire/Erth #.........   100%        5    ######.
 Irradiate                Conj/Tmut      #.........   100%        5    ######.
 Summon Lightning Spire   Summ/Air       #.......     100%        5    ######.
 Iron Shot                Conj/Erth      #.........   100%        6    #######
 Ozocubu's Refrigeration  Ice            #.........   100%        6    #######
 Statue Form              Tmut/Erth      #........    100%        6    #######
 Shatter                  Erth           #.........   100%        9    #######


Dungeon Overview and Level Annotations

Branches:
Dungeon (12/12)            Temple (1/1) D:5            Lair (6/6) D:7
  Swamp (3/3) Lair:4        Snake (2/3) Lair:2        Slime (0/5) Lair:6
    Orc (1/1) D:9             Elf (1/3) Orc          Vaults (0/3) D:12
 Depths (0/5) D:12

Altars:
Ashenzari
Cheibriados
Dithmenos
Elyvilon
Fedhas
Gozag
Hepliaklqana
Kikubaaqudgha
Lugonu
Makhleb
Nemelex Xobeh
Okawaru
Qazlal
Ru
Sif Muna
Trog
Uskayaw
Vehumet
Wu Jian
Xom
Yredelemnul
Zin
The Shining One
Jiyva

Shops:
D:5 =   D:7 ((=!   D:8 =   D:10 [   Orc =!!(([[?   Snake:1 ?(

Portals:
Trove: D:11 (show abyssal rune of Zot)

Annotations:
Lair:6 2 transporters, lis82's ghost, journeyman DgWz Orc 1 runed translucent door, Morbidden's ghost, journeyman TrMo


Innate Abilities, Weirdness & Mutations

You reflexively headbutt those who attack you in melee.
You have a pair of horns on your head.
You have very sharp teeth.
You expend magic power (3 MP) to strengthen your wands.


Message History

The naga warrior constricts you.
The naga warrior hits you with a +0 war axe!
* * * LOW HITPOINT WARNING * * *
The shock serpent closely misses you. You furiously retaliate!
You headbutt the shock serpent.
The shock serpent's electric aura discharges, shocking you!
You resist.
A naga warrior comes into view. It is wielding a +0 glaive of venom.
The naga warrior barely misses you. You furiously retaliate!
You headbutt the naga warrior, but do no damage.
The guardian serpent barely misses you.
You feel better. The shock serpent bites you.
* * * LOW HITPOINT WARNING * * *
The shock serpent shocks you. You resist.
* * * LOW HITPOINT WARNING * * *
The naga warrior hits you but does no damage.
* * * LOW HITPOINT WARNING * * *
The naga warrior constricts you.
The naga warrior hits you with a +0 war axe!!
You die...

........... ..
............ ##N. ..#
............## ...##...
....#.......... .#......
............§.##.#......
#.....)...........#...
..##.......#...)#...
...##..........S#N#
..........#..<.N@N###...
........#.....>S........
...###.....#...........#
#####...=.....#....##.##
##.#.......####.# #
#....§....# ##
##...#...## #......##
#.....##


You could see 4 naga warriors, a shock serpent and a guardian serpent.

Vanquished Creatures
  the Lernaean hydra (Swamp:3)
  Frances (Elf:1)
  A storm dragon (Elf:1)
  A thorn hunter (Swamp:2)
  2 nagarajas (Snake:2)
  A shadow dragon (Elf:1)
  A deep elf demonologist (Elf:1)
  4 dire elephants (Lair:6)
  An ettin (D:12)
  Snorg (Lair:6)
  2 deep elf high priests (Elf:1)
  A great orb of eyes (D:12)
  Harold (Lair:1)
  18 hydras
  3 naga warriors
  A rakshasa (Snake:1)
  A vault guard (D:12)
  2 ghost crabs
  3 centaur warriors
  4 ice dragons
  3 catoblepae
  4 anacondas
  13 alligators
  9 dancing weapons (Elf:1)
  3 two-headed ogres
  A queen ant (Lair:5)
  2 orc high priests
  Urug (Lair:3)
  A naga sharpshooter (Snake:2)
  5 deep elf knights (Elf:1)
  An unseen horror (D:12)
  2 death drakes (Swamp:3)
  A spriggan druid (Swamp:3)
  8 swamp dragons
  2 naga ritualists
  A swamp dragon (shapeshifter) (D:12)
  4 deep elf archers (Elf:1)
  6 cyclopes
  A lindwurm (Lair:4)
  Pikel (D:4)
  3 mana vipers
  An oklob plant (Lair:2)
  5 orc sorcerers
  2 salamanders
  16 deep elf magi (Elf:1)
  3 manticores
  2 centaur zombies
  20 elephants
  21 black mambas
  A gargoyle (D:12)
  2 naga magi
  8 cane toads
  A cane toad (shapeshifter) (Elf:1)
  A rime drake (shapeshifter) (D:11)
  A yaktaur (D:12)
  9 komodo dragons
  7 hornets
  A troll (D:8)
  4 tyrant leeches
  A harpy skeleton (D:12)
  9 slime creatures
  4 bog bodies
  5 dream sheep (Lair:6)
  24 blink frogs
  A hippogriff (shapeshifter) (D:12)
  5 hippogriffs
  5 spriggans (Swamp:3)
  2 air elementals (Elf:1)
  A shadow (Swamp:1)
  A tarantella (shapeshifter) (D:12)
  A wraith (D:11)
  28 yaks
  2 water elementals (Elf:1)
  A fire elemental (Elf:1)
  A hog (shapeshifter) (Elf:1)
  A wyvern (D:8)
  5 basilisks
  19 vampire mosquitoes
  A steam dragon (D:10)
  2 wargs (Orc)
  An acid dragon (D:8)
  7 soldier ants
  8 nagas
  12 swamp worms
  11 crocodiles
  24 water moccasins
  8 porcupines
  An ice beast (D:6)
  11 swamp drakes
  18 orc warriors
  3 sky beasts
  An eye of draining (D:6)
  2 black bears
  5 boggarts (Swamp:3)
  2 necrophages
  2 phantoms
  7 ogres
  5 centaurs
  14 bullfrogs
  A big kobold (D:8)
  2 earth elementals (Elf:1)
  3 scorpions
  3 wights (D:9)
  5 electric eels
  2 howler monkeys
  5 crimson imps
  23 jellies
  A bullfrog zombie (D:8)
  A quasit (D:8)
  20 orc priests
  A bullfrog skeleton (D:6)
  6 hounds
  42 orc wizards
  3 centaur skeletons
  6 iguanas
  Ijyb (D:5)
  Natasha (D:4)
  16 worker ants
  A killer bee zombie (D:8)
  2 hound skeletons
  A hound zombie (D:5)
  A howler monkey zombie (D:7)
  3 gnolls (D:3)
  21 adders
  3 shadow imps
  11 oozes (Lair:3)
  8 worms
  2 dart slugs (D:1)
  9 leopard geckos
  72 orcs
  2 ball pythons
  8 giant cockroaches
  7 goblins
  4 hobgoblins
  15 jackals
  10 kobolds
  6 quokkas
  6 bats
  4 frilled lizards
  4 rats (D:1)
  2 plants
832 creatures vanquished.

Vanquished Creatures (collateral kills)
  A dire elephant (Lair:6)
1 creature vanquished.

Vanquished Creatures (others)
  A swamp dragon (Swamp:3)
  A naga (Snake:1)
  2 boggarts (Swamp:3)
  Natasha (D:4)
  38 fungi
  45 plants
88 creatures vanquished.

Grand Total: 921 creatures vanquished

Notes
Turn   | Place    | Note
-------+----------+-------------------------------------------
     0 | D:1      | JackS81 the Minotaur Fighter began the quest for the Orb.
     0 | D:1      | Reached XP level 1. HP: 19/19 MP: 0/0
    76 | D:1      | Reached skill level 3 in Maces & Flails
   120 | D:1      | Reached XP level 2. HP: 19/26 MP: 1/1
   460 | D:1      | Reached skill level 4 in Maces & Flails
   625 | D:1      | Reached XP level 3. HP: 31/31 MP: 2/2
  1425 | D:2      | Reached skill level 5 in Maces & Flails
  1689 | D:2      | Found a burning altar of Makhleb.
  1960 | D:3      | Noticed an ogre
  2025 | D:3      | Reached XP level 4. HP: 32/39 MP: 3/3
  2155 | D:3      | Found a shimmering blue altar of Sif Muna.
  2196 | D:3      | Noticed a water elemental
  2203 | D:3      | Found a stormy altar of Qazlal.
  2204 | D:3      | Noticed an air elemental
  2204 | D:3      | Noticed a fire elemental
  2204 | D:3      | Noticed an earth elemental
  2227 | D:3      | Killed an ogre
  2227 | D:3      | Reached skill level 6 in Maces & Flails
  2227 | D:3      | Reached XP level 5. HP: 28/46 MP: 4/4
  2418 | D:3      | Found a faded altar of an unknown god.
  2611 | D:3      | Reached skill level 7 in Maces & Flails
  2968 | D:3      | Found a glowing silver altar of Zin.
  2968 | D:3      | Found a white marble altar of Elyvilon.
  3001 | D:3      | Reached XP level 6. HP: 42/52 MP: 5/5
  3498 | D:4      | Reached skill level 1 in Dodging
  4064 | D:4      | Reached skill level 8 in Maces & Flails
  4064 | D:4      | Reached XP level 7. HP: 57/59 MP: 6/6
  4137 | D:4      | Noticed Natasha
  4151 | D:4      | Killed Natasha
  4464 | D:4      | Noticed Pikel
  4482 | D:4      | Killed Pikel
  4482 | D:4      | Reached skill level 9 in Maces & Flails
  4482 | D:4      | Reached skill level 5 in Armour
  4482 | D:4      | Reached XP level 8. HP: 44/67 MP: 7/7
  4736 | D:4      | Killed Natasha
  4833 | D:4      | Reached skill level 5 in Shields
  5020 | D:5      | Entered Level 5 of the Dungeon
  5030 | D:5      | Reached skill level 10 in Maces & Flails
  5281 | D:5      | Found a staircase to the Ecumenical Temple.
  5305 | D:5      | Reached skill level 5 in Fighting
  5451 | D:5      | Noticed Ijyb
  5464 | D:5      | Killed Ijyb
  5596 | D:5      | Found Ziom's Jewellery Boutique.
  5652 | D:5      | Found a sacrificial altar of Ru.
  5879 | D:5      | Found a corrupted altar of Lugonu.
  5949 | D:6      | Noticed a hippogriff
  5949 | D:6      | Gained mutation: You have very sharp teeth. [potion of
                  | mutation]
  5949 | D:6      | Gained mutation: You expend magic power (3 MP) to
                  | strengthen your wands. [potion of mutation]
  5964 | D:6      | Killed a hippogriff
  5969 | D:6      | Reached XP level 9. HP: 63/74 MP: 6/8
  6012 | D:6      | Reached skill level 11 in Maces & Flails
  6168 | D:6      | Got a brightly glowing longbow
  6185 | D:6      | Identified the +3 longbow "Roopao" {velocity, +Fly rC++
                  | SInv} (You found it on level 6 of the Dungeon)
  6598 | D:6      | Reached skill level 1 in Bows
  6667 | D:6      | Found a burning altar of Makhleb.
  6852 | D:7      | Found Eplez's Jewellery Shop.
  7082 | D:7      | Reached XP level 10. HP: 47/86 MP: 9/9
  7284 | D:7      | Found a staircase to the Lair.
  7361 | D:7      | Found Cesak's Weapon Shop.
  7416 | D:7      | Found Homooris's Antique Weapon Shop.
  7491 | D:7      | Reached skill level 12 in Maces & Flails
  7501 | D:7      | Found Wuywar's Distillery.
  7511 | D:7      | Bought a potion of degeneration for 15 gold pieces
  7647 | Temple   | Entered the Ecumenical Temple
  7802 | Temple   | Became a worshipper of the Shining One
  7905 | Lair:1   | Entered Level 1 of the Lair of Beasts
  7972 | Lair:1   | Noticed Harold
  7989 | Lair:1   | Killed Harold
  8143 | Lair:1   | Noticed a four-headed hydra
  8154 | Lair:1   | Killed a four-headed hydra
  8321 | Lair:1   | Noticed a black mamba
  8344 | Lair:1   | Killed a black mamba
  8530 | Lair:1   | Reached skill level 1 in Invocations
  8530 | Lair:1   | Reached skill level 1 in Evocations
  8759 | Lair:1   | Reached skill level 5 in Bows
  8770 | Lair:1   | Noticed a cane toad
  8787 | Lair:1   | Killed a cane toad
  9130 | Lair:1   | Reached XP level 11. HP: 93/94 MP: 11/11
  9958 | Lair:1   | Noticed a four-headed hydra
  9973 | Lair:1   | Killed a four-headed hydra
 10533 | Lair:2   | Found a staircase to the Snake Pit.
 10584 | Lair:2   | Reached skill level 10 in Shields
 10594 | Lair:2   | Reached skill level 13 in Maces & Flails
 10652 | Lair:2   | Noticed an eight-headed hydra
 10652 | Lair:2   | Reached * piety under the Shining One
 10674 | Lair:2   | Killed an eight-headed hydra
 10998 | Lair:2   | Found a sparkling altar of Nemelex Xobeh.
 11011 | Lair:2   | Noticed a six-headed hydra
 11026 | Lair:2   | Reached skill level 10 in Armour
 11030 | Lair:2   | Killed a six-headed hydra
 11554 | Lair:2   | Found a hide-covered altar of Uskayaw.
 11555 | Lair:2   | Noticed an oklob plant
 11580 | Lair:2   | Killed an oklob plant
 12280 | Lair:3   | Noticed Urug
 12295 | Lair:3   | Killed Urug
 12662 | Lair:3   | Reached XP level 12. HP: 88/103 MP: 13/13
 12703 | Lair:3   | Found a shattered altar of Ashenzari.
 13915 | Lair:3   | Reached skill level 14 in Maces & Flails
 15280 | Lair:4   | Reached skill level 10 in Fighting
 15515 | Lair:4   | Found a staircase to the Swamp.
 15531 | Lair:4   | Reached ** piety under the Shining One
 15548 | Lair:4   | Reached skill level 5 in Evocations
 15740 | Lair:4   | Reached XP level 13. HP: 63/114 MP: 15/15
 16229 | Lair:4   | Got a crude leather armour
 18034 | Lair:6   | Entered Level 6 of the Lair of Beasts
 18046 | Lair:6   | Noticed lis82's ghost (journeyman DgWz)
 18053 | Lair:6   | Found a transporter.
 18055 | Lair:6   | Found a transporter.
 18242 | Lair:6   | Found a viscous altar of Jiyva.
 18290 | Lair:6   | Found a staircase to the Slime Pits.
 18352 | Lair:6   | Reached *** piety under the Shining One
 18615 | Lair:6   | Reached skill level 5 in Dodging
 18752 | Lair:6   | Noticed Snorg
 18782 | Lair:6   | Killed Snorg
 19188 | Lair:6   | Reached skill level 15 in Maces & Flails
 19832 | Lair:6   | Noticed a dire elephant
 19857 | Lair:6   | Killed a dire elephant
 19971 | Lair:6   | Noticed a dire elephant
 19971 | Lair:6   | Noticed a dire elephant
 19991 | Lair:6   | Killed a dire elephant
 20020 | Lair:6   | Killed a dire elephant
 20689 | Lair:6   | Identified the +2 leather armour "Meolat" {rN++} (You found
                  | it on level 4 of the Lair of Beasts)
 20714 | Lair:6   | Noticed a dire elephant
 20752 | Lair:6   | Noticed a dire elephant
 20757 | Lair:6   | Killed a dire elephant
 20757 | Lair:6   | Reached XP level 14. HP: 25/126 MP: 6/17
 21180 | D:8      | Received a gift from the Shining One
 21893 | D:8      | Found Qiaduyx's Jewellery Emporium.
 22380 | D:9      | Reached **** piety under the Shining One
 22447 | D:9      | Found a staircase to the Orcish Mines.
 22548 | D:9      | Found a shattered altar of Ashenzari.
 23102 | D:10     | Entered Level 10 of the Dungeon
 23119 | D:10     | Reached skill level 5 in Invocations
 23275 | D:10     | Got a distressingly furry leather armour
 23314 | D:10     | Found Ruetisk's Armour Shop.
 24102 | D:11     | Found a portal to a secret trove of treasure.
 24569 | D:11     | Identified the +0 leather armour of Altruism {rCorr Int+2}
                  | (You found it on level 10 of the Dungeon)
 24591 | D:12     | Entered Level 12 of the Dungeon
 24845 | D:12     | Found a gate leading to a gauntlet.
 24846 | D:12     | Identified the +7 shortbow of the Extremely Mad {velocity,
                  | +Blink rC- MR+} (You found it on level 12 of the Dungeon)
 25166 | D:12     | Found a shadowy altar of Dithmenos.
 25460 | D:12     | Received a gift from the Shining One
 26255 | D:12     | Found a staircase to the Depths.
 27095 | D:12     | Found a gate to the Vaults.
 27679 | Orc      | Entered the Orcish Mines
 28654 | Orc      | Found Ytogiuj's Armour Shop.
 28654 | Orc      | Found Atsedys's Weapon Boutique.
 28655 | Orc      | Found Ozonezev's Weapon Boutique.
 28658 | Orc      | Found Ytacar's Antique Armour Shop.
 28666 | Orc      | Bought a pair of slimy boots for 266 gold pieces
 28668 | Orc      | Identified the cursed +0 pair of boots "Aneonwu" {rElec MR+
                  | Dex+3} (You bought it in a shop in the Orcish Mines)
 28780 | Orc      | Found Qujuqe's Magic Scroll Boutique.
 29009 | Orc      | Found a staircase to the Elven Halls.
 29010 | Orc      | Found Siyxtua's Distillery.
 29027 | Orc      | Bought 2 potions of heal wounds for 150 gold pieces
 29047 | Orc      | Received a gift from the Shining One
 29054 | Orc      | Found a runed translucent door.
 29060 | Orc      | Noticed Morbidden's ghost (journeyman TrMo)
 29087 | Orc      | Found Inumim's Jewellery Boutique.
 29102 | Orc      | Found Donweo's Distillery.
 29344 | Elf:1    | Entered Level 1 of the Elven Halls
 29365 | Elf:1    | Reached XP level 15. HP: 134/134 MP: 18/18
 29555 | Elf:1    | Found a runed door.
 29568 | Elf:1    | Reached skill level 15 in Shields
 29584 | Elf:1    | Reached skill level 10 in Bows
 29588 | Elf:1    | Noticed Frances
 29600 | Elf:1    | Killed Frances
 29894 | Elf:1    | Got an iridescent scimitar
 31072 | Elf:1    | Reached ***** piety under the Shining One
 31111 | Elf:1    | Noticed an Ice Fiend
 31298 | Elf:1    | Received a gift from the Shining One
 31320 | Elf:1    | Found a runed translucent gate.
 31320 | Elf:1    | Found a runed translucent gate.
 31320 | Elf:1    | Found a runed translucent gate.
 31320 | Elf:1    | Found a runed translucent gate.
 31320 | Elf:1    | Found a runed translucent gate.
 31321 | Elf:1    | Noticed a shadow dragon
 31321 | Elf:1    | Noticed a storm dragon
 31323 | Elf:1    | Found a runed translucent gate.
 31410 | Elf:1    | Killed a shadow dragon
 31437 | Elf:1    | Killed a storm dragon
 32262 | Orc      | Bought the ring "Keam" {rPois rC+++ Str+4 Int-4 Stlth+} for
                  | 1082 gold pieces
 32444 | Swamp:1  | Entered Level 1 of the Swamp
 32914 | Swamp:1  | Identified the +4 scimitar of Conversion {drain, Dex+4}
                  | (You found it on level 1 of the Elven Halls)
 33056 | Swamp:1  | Received a gift from the Shining One
 33758 | Swamp:2  | Reached XP level 16. HP: 129/145 MP: 16/20
 33825 | Swamp:2  | Noticed a thorn hunter
 33838 | Swamp:2  | Killed a thorn hunter
 34414 | Swamp:3  | Entered Level 3 of the Swamp
 35100 | Swamp:3  | Received a gift from the Shining One
 35155 | Swamp:3  | Reached skill level 16 in Maces & Flails
 36075 | Swamp:3  | Received a gift from the Shining One
 36090 | Swamp:3  | Noticed the 27-headed Lernaean hydra
 36106 | Swamp:3  | HP: 2/146 [the 27-headed Lernaean hydra (6)]
 36122 | Swamp:3  | Killed the 27-headed Lernaean hydra
 36481 | Swamp:3  | Reached skill level 10 in Dodging
 36799 | Swamp:3  | Got a decaying rune of Zot
 36968 | Snake:1  | Entered Level 1 of the Snake Pit
 37790 | Snake:1  | Found Axkucey's Weapon Emporium.
 37790 | Snake:1  | Found Qeschya's Magic Scroll Shoppe.
 38451 | Snake:2  | Reached XP level 17. HP: 90/154 MP: 14/22
 39055 | Snake:2  | HP: 6/154 [naga warrior/+0 short sword (4)]
 39055 | Snake:2  | Demolished by a naga warrior

Skill      XL: |  1  2  3  4  5  6  7  8  9 10 11 12 13 14 15 16 17 |
---------------+----------------------------------------------------+-----
Maces & Flails | 3 4 5 6 7 8 9 10 11 12 13 14 15 16 | 16.1
Armour         | 4 5 6 7 9 10 11 12 | 12.5
Shields        | 4 6 8 9 10 12 13 14 15 | 15.0
Dodging        | 1 2 3 4 5 7 9 10 | 10.5
Fighting       | 4 5 7 8 10 12 13 14 | 14.9
Bows           | 2 5 7 8 9 12 14 | 14.2
Invocations    | 1 3 4 6 7 8 9 |  9.0
Evocations     | 1 3 5 6 |  6.0

Action                   |  1- 3 |  4- 6 |  7- 9 | 10-12 | 13-15 | 16-18 || total
-------------------------+-------+-------+-------+-------+-------+-------++-------
Melee: Flail             |   122 |   149 |    58 |       |       |       ||   329
       Headbutt          |    20 |    24 |    76 |   176 |   316 |    55 ||   667
       Whip              |       |       |    55 |    61 |       |       ||   116
       Mace              |       |       |   200 |   620 |   809 |       ||  1629
       Bite              |       |       |    18 |   110 |   179 |    41 ||   348
       Dire flail        |       |       |       |       |   285 |   188 ||   473
 Fire: Shortbow          |       |       |       |       |   285 |   339 ||   624
       Longbow           |       |       |       |       |     9 |     6 ||    15
Throw: Stone             |       |    20 |    11 |       |       |       ||    31
       Tomahawk          |       |       |    12 |    63 |   110 |       ||   185
       Throwing net      |       |       |       |       |     2 |       ||     2
Invok: Divine Shield     |       |       |       |       |    10 |     4 ||    14
       Cleansing Flame   |       |       |       |       |     3 |       ||     3
       Summon Divine War |       |       |       |       |     1 |       ||     1
Evoke: Wand              |       |       |     2 |     1 |     5 |    13 ||    21
       Lightning rod     |       |       |       |       |     2 |       ||     2
       Fan of gales      |       |       |       |       |       |     1 ||     1
  Use: Scroll            |     3 |       |     7 |     4 |    21 |     4 ||    39
       Potion            |       |     2 |     3 |     7 |    15 |     4 ||    31
  Eat: Chunk             |     4 |     6 |    10 |    16 |    33 |     2 ||    71
       Ration            |       |       |       |     4 |     7 |     4 ||    15
Armor: Scale mail        |    46 |    25 |    20 |       |       |       ||    91
       Chain mail        |       |       |    74 |   163 |   271 |   132 ||   640
Dodge: Dodged            |    27 |    43 |    62 |   145 |   295 |   203 ||   775
Block: Shield            |    63 |    50 |   130 |   333 |   473 |       ||  1049
       Other             |       |       |       |       |     8 |    18 ||    26
